 Dungeon Crawl Stone Soup version 0.17.0-28-g6e173f8 (webtiles) character file.

226 Raultor the Changer (level 6, -4/38 HPs)
             Began as an Octopode Transmuter on Nov 22, 2015.
             Killed by divine providence
             ... invoked by an orc priest
              (16 damage)
             ... on level 4 of the Dungeon.
             The game lasted 00:09:25 (3302 turns).

Raultor the Changer (Octopode Transmuter)           Turns: 3302, Time: 00:09:25

Health: -4/38      AC:  2    Str: 11    XL:     6   Next: 1%
Magic:  5/9        EV: 19    Int: 16    God:
Gold:   128        SH:  0    Dex: 17    Spells: 3 memorised, 1 level left

rFire  . . .     SeeInvis .       - Unarmed
rCold  . . .     Clarity  .     (shield currently unavailable)
rNeg   . . .     SustAt   .     (helmet currently unavailable)
rPois  x         Gourm    .     (no amulet)
rElec  .         Spirit   .     (no ring)
rCorr  .         Warding  .     (no ring)
rMut   .         Stasis   .     (no ring)
MR     .....                    (no ring)
Stlth  ++........               (no ring)
                                (no ring)
                                (no ring)
                                (no ring)

@: spider-form (expiring), not resistant to hostile enchantments, unstealthy
A: almost no armour, amphibious, 8 rings, (constrict 8), (camouflage 0),
(gelatinous body 0)
a: End Transformation


You were on level 4 of the Dungeon.
You were not hungry.
You were a venomous arachnid creature.
You visited 1 branch of the dungeon, and saw 4 of its levels.

You collected 128 gold pieces.

Inventory:

Missiles
 a - 12 arrows
 h - 131 stones (quivered)
Jewellery
 p - an uncursed ring of protection from magic {unknown}
Scrolls
 g - a scroll of blinking {unknown}
 i - a scroll of amnesia {unknown}
 k - 3 scrolls of identify {unknown}
 l - a scroll of random uselessness {unknown}
 q - 4 scrolls of remove curse {unknown}
 s - a scroll of immolation {unknown}
 w - a scroll of fear {unknown}
Potions
 d - 3 potions of brilliance {unknown}
 e - a potion of cancellation {unknown}
 f - 2 potions of heal wounds {unknown}
 j - 3 potions of curing {unknown}
 m - a potion of magic {unknown}
 o - a potion of agility {unknown}
 r - 2 potions of flight {unknown}
 u - a potion of ambrosia {unknown}
 v - a potion of invisibility {unknown}
Books
 b - a book of Changes

   Spells                             Type                      Level
   a - Beastly Appendage              Transmutation                1
   b - Sticks to Snakes               Transmutation                2
   c - Spider Form                    Transmutation/Poison         3
   d - Ice Form                       Ice/Transmutation            4
   e - Blade Hands                    Transmutation                5
Comestibles
 c - 4 bread rations
 n - 2 meat rations


   Skills:
 - Level 1.0 Fighting
 - Level 2.0 Dodging
 - Level 3.0 Unarmed Combat
 - Level 2.0 Spellcasting
 + Level 5.8 Transmutations
 * Level 1.4 Ice Magic


You had one spell level left.
You knew the following spells:

 Your Spells              Type           Power        Failure   Level  Hunger
a - Beastly Appendage     Trmt           ###...       8%          1    #......
b - Spider Form           Trmt/Pois      ##........   41%         3    ###....
c - Ice Form              Ice/Trmt       ##......     71%         4    #####..


Dungeon Overview and Level Annotations

Branches:
Dungeon (4/15)
 Temple: D:4-7

Altars:
Gozag
Nemelex Xobeh


Innate Abilities, Weirdness & Mutations

You cannot wear most types of armour.
You are amphibious.
You can wear up to eight rings at the same time.
((You can use your tentacles to constrict eight enemies at once.))
((Your skin changes colour to match your surroundings (Stealth).))
((Your rubbery body absorbs attacks (AC +1).))


Message History

The orc wizard seems to speed up.
An orc comes into view. It is wielding a dagger.
The orc shouts!
The orc priest mumbles some strange prayers to Beogh against you.
Something smites you!
The orc priest invokes the aid of Beogh against you.
Something smites you!
* * * LOW HITPOINT WARNING * * *
The orc priest looks braver for a moment.
Your transformation is almost over.
The orc priest miscasts a cantrip.
Your transformation has ended.
Casting: Spider Form
Confirm with . or Enter, or press ? or * to list all spells.
You turn into a venomous arachnid creature.
Your transformation is almost over.
The orc priest looks braver for a moment.
The orc priest invokes the aid of Beogh against you.
Something smites you!
You die...

#.#################.# #
#...................# #
#.#################.# #
#.#################.#
##########.................#.#
##.......#################.#.#
##.......# #.#.#
##.......#################.#.#
....)...ooo..o..s........>.#.#
##.......####.###########..#.#
##.......# #.# #..#.#
##.......####.###########..#.#
####.......o......^..........#
# #.########.#######.....#..#
# #.# #.# #.+.....#..# . #.#
#.# ###.#.....#..# # ..# #o#
#.........#..#


You could see 2 orc priests and an orc.

Vanquished Creatures
  A hound (D:4)
  An orc wizard (D:3)
  A centaur skeleton (D:4)
  5 adders
  A gnoll (D:1)
  An ooze (D:1)
  2 worms
  A giant gecko (D:3)
  3 orcs
  2 giant cockroaches
  8 goblins
  8 hobgoblins
  6 jackals
  10 kobolds
  A quokka (D:3)
  9 bats
  2 giant newts
  13 rats
  A plant (D:1)
76 creatures vanquished.

Notes
Turn   | Place    | Note
--------------------------------------------------------------
     0 | D:1      | Raultor the Octopode Transmuter began the quest for the Orb.
     0 | D:1      | Reached XP level 1. HP: 13/13 MP: 3/3
   220 | D:1      | Reached XP level 2. HP: 9/18 MP: 3/5
   570 | D:1      | Reached XP level 3. HP: 12/23 MP: 6/6
   583 | D:1      | Learned a level 3 spell: Spider Form
  1304 | D:2      | Found an opulent altar of Gozag.
  1509 | D:2      | Reached skill level 4 in Transmutations
  1671 | D:2      | Reached XP level 4. HP: 23/28 MP: 5/7
  1734 | D:2      | Found a faded altar to an unknown god.
  2382 | D:3      | Reached skill level 5 in Transmutations
  2382 | D:3      | Reached XP level 5. HP: 23/33 MP: 2/8
  2702 | D:3      | Learned a level 4 spell: Ice Form
  2945 | D:3      | Found an opulent altar of Gozag.
  2946 | D:3      | Found a sparkling altar of Nemelex Xobeh.
  3026 | D:4      | Reached skill level 1 in Ice Magic
  3197 | D:4      | Reached XP level 6. HP: 29/38 MP: 5/9
  3302 | D:4      | Killed from afar by an orc priest

Action                   |  1- 3 |  4- 6 || total
-------------------------+-------+-------++-------
Melee: Unarmed           |    98 |   112 ||   210
Throw: Stone             |       |     2 ||     2
 Cast: Beastly Appendage |     8 |     4 ||    12
       Spider Form       |       |    13 ||    13
 Stab: Sleeping          |       |     5 ||     5
  Eat: Chunk             |     2 |     8 ||    10
